 Dungeon Crawl Stone Soup version 0.31-a0-977-gc230f8ef24 (webtiles) character file.

Game seed: 11745324585263725046

39 Firecrotchwizard the Ruffian (level 3, -1/33 HPs)
             Began as a Troll Shapeshifter on Oct 30, 2023.
             Slain by Natasha (4 damage)
             ... on level 1 of the Dungeon.
             The game lasted 00:01:02 (491 turns).

Firecrotchwizard the Ruffian (Troll Shapeshifter)    Turns: 491, Time: 00:01:03

Health: -1/33      AC:  4    Str: 24    XL:     3   Next: 28%
Magic:  2/2        EV:  9    Int:  6    God:
Gold:   21         SH:  0    Dex:  9    Spells: 2/2 levels left

rFire   . .          .
                       - Unarmed
rCold   . . .        (no shield)
rNeg    . . .        a - +0 animal skin
rPois   .            (helmet currently unavailable)
rElec   .            (cloak currently unavailable)
rCorr   .            (gloves unavailable)
SInv    .            (boots unavailable)
Will    .....        (no amulet)
Stlth   +            (no ring)
HPRegen 1.05/turn    (no ring)
MPRegen 0.08/turn

%: no passive effects
@: beast-form
A: beast (slay +1), large, unfitting armour, claws 3, regeneration 1, shaggy fur
1, tough skin 1
a: Begin Untransformation


You were on level 1 of the Dungeon.
You were a hulking beast.
You visited 1 branch of the dungeon, and saw 2 of its levels.

You collected 21 gold pieces.

Inventory:

Armour
 a - a +0 animal skin (worn)
Talismans
 c - a beast talisman
 d - a flux talisman
Scrolls
 e - a scroll of teleportation {unknown}
Potions
 b - a potion of lignification


   Skills:
 + Level 1.4 Fighting
 - Level 1.5 Dodging
 * Level 3.8 Unarmed Combat
 + Level 3.3 Shapeshifting


You had 2 spell levels left.
You didn't know any spells.
Your spell library was empty.

Dungeon Overview and Level Annotations

Branches:
Dungeon (2/15)

Altars:

Annotations:
D:1 Natasha


Innate Abilities, Weirdness & Mutations

You are a hulking beast.
Your limbs bulge with bestial killing power. (Slay +1)
You are too large for most types of armour.
You have claws for hands.
Your natural rate of healing is unusually fast.
You are covered in fur. (AC +1)
You have tough skin. (AC +1)


Message History

You see here a +0 robe.
Done exploring.
There is a stone staircase leading down here.
You climb downwards.
The kobold shouts!
The goblin shouts!
The frilled lizard hisses angrily.
Natasha hisses angrily.
Found 9 stones and 12 gold pieces.
There is a stone staircase leading up here.
There are monsters nearby!
Natasha casts a spell.
You scratch the cerulean imp.
The cerulean imp is moderately wounded.
Natasha wildly gestures.
Natasha glows brightly for a moment.
You barely miss the cerulean imp.
The cerulean imp is moderately wounded.
The kobold closely misses you. The cerulean imp barely misses you.
Natasha casts a spell.
You scratch the cerulean imp.
The cerulean imp is severely wounded.
The kobold hits you with a +0 whip. The goblin hits you with a +0 dagger.
The cerulean imp hits you but does no damage.
The cerulean imp hits you with a +1 spear. x2
The kobold hits you with a +0 whip. The goblin hits you with a +0 dagger.
Natasha claws you.
You climb upwards.
The cerulean imp disappears in a puff of smoke! x2
There is a stone staircase leading down here.
You closely miss Natasha. The goblin hits you with a +0 dagger.
The kobold barely misses you.
Natasha stares at you and mumbles some strange words.
You feel yourself slow down.
You claw Natasha!
You kill Natasha!
Natasha screams in pain as she dies!
The kobold hits you with a +0 whip. The goblin closely misses you.
The kobold barely misses you. The goblin hits you with a +0 dagger.
You have reached level 3!
Your experience leads to an increase in your attributes!
Increase (s)trength, (i)ntelligence, or (d)exterity?
You feel stronger. x3
You scratch the kobold but do no damage.
The kobold barely misses you. The goblin closely misses you.
You scratch the kobold but do no damage.
The kobold hits you with a +0 whip. The goblin hits you but does no damage.
The kobold closely misses you. The goblin hits you with a +0 dagger.
* * * LOW HITPOINT WARNING * * *
You claw the goblin!
You kill the goblin!
The kobold hits you but does no damage.
You claw the kobold!
You kill the kobold!
You start resting.
HP restored.
You start waiting.
You feel yourself speed up.
You start waiting.
Done waiting.
You start waiting.
Natasha, Servant of Life and Death comes into view.
Natasha casts a spell.
The cerulean imp hits you from afar with a +2 spear.
You barely miss Natasha.
Natasha stares at you and mumbles some strange words.
The magic dart hits you.
The cerulean imp hits you from afar with a +2 spear.
You barely miss Natasha. Natasha closely misses you.
You closely miss Natasha.
The cerulean imp hits you from afar with a +2 spear.
Natasha mewls in sadness.
Natasha barely misses you.
You completely miss Natasha.
The cerulean imp hits you but does no damage.
You scratch Natasha but do no damage. Natasha claws you!
The cerulean imp closely misses you.
You closely miss Natasha. Natasha claws you.
The cerulean imp hits you from afar with a +2 spear.
You claw Natasha!
Natasha is almost dead.
Natasha casts a spell at you. The magic dart hits you!
* * * LOW HITPOINT WARNING * * *
The cerulean imp hits you from afar with a +2 spear.
* * * LOW HITPOINT WARNING * * *
You closely miss Natasha.
Natasha is almost dead.
Natasha claws you but does no damage.
The cerulean imp hits you from afar with a +2 spear.
* * * LOW HITPOINT WARNING * * *
You closely miss Natasha.
Natasha is almost dead.
Natasha casts a spell at you. You resist with significant effort.
The cerulean imp hits you from afar with a +2 spear.
* * * LOW HITPOINT WARNING * * *
You closely miss Natasha.
Natasha is almost dead.
Natasha claws you.
You die...
Natasha begins licking her fur clean.

#.# #.....###....#......#
#.## #....................
#..# #.....######.#......#
##.# #.....# #.#......#
#.## #))...# #.#.......
#..###>....# ##.#.....(.
##...#.....#####..........
###........##.....#......
#.....hh...............
#........#......#..#..#
#####..5...........>..#
##..#......####....
##.#.....##......#
#.[........#.....
####.............
###.[.....#....###
####.............## #


You could see Natasha and a cerulean imp (summoned).

Vanquished Creatures
  Natasha (D:1)
  2 hobgoblins (D:1)
  A quokka (D:1)
  2 ball pythons (D:1)
  3 bats (D:1)
  A frilled lizard (D:1)
  3 goblins (D:1)
  2 kobolds (D:1)
15 creatures vanquished.

Notes
Turn   | Place    | Note
-------+----------+-------------------------------------------
     0 | D:1      | Firecrotchwizard the Troll Shapeshifter began the quest for
                  | the Orb.
     0 | D:1      | Reached XP level 1. HP: 18/18 MP: 0/0
   116 | D:1      | Reached skill level 1 in Fighting
   128 | D:1      | Noticed an eye of devastation
   131 | D:1      | Found a faded altar of an unknown god.
   133 | D:1      | Noticed a glass eye
   133 | D:1      | Noticed a shining eye
   133 | D:1      | Noticed an eye of devastation
   191 | D:1      | Reached XP level 2. HP: 25/27 MP: 1/1
   283 | D:2      | Noticed Natasha
   292 | D:1      | Killed Natasha
   293 | D:1      | Reached XP level 3. HP: 18/33 MP: 2/2
   478 | D:1      | Noticed Natasha
   491 | D:1      | Slain by Natasha

Illustrated notes

Levels and vault maps discovered:
D:1:      mainiacjoe_arrival_oval_in_oval, layout_rooms,
          hellmonk_ecumenical_altar_watching_god
D:2:      layout_basic, uniq_natasha

Skill      XL: |  1 |
---------------+----+-----
Fighting       | 1 |  1.4
Dodging        | |  1.5
Unarmed Combat | |  3.8
Shapeshifting  | |  3.3

Action                     || total
---------------------------++-------
  Melee: Unarmed           ||    40
 Armour: Animal skin       ||    45
  Dodge: Dodged            ||    18

Table legend: (Time is in decaauts)
 A = Elapsed time spent in this place.
 B = Non-inter-level travel time spent in this place.
 C = Inter-level travel time spent in this place.
 D = Time resting spent in this place.
 E = Time spent auto-exploring this place.
 F = Levels seen in this place.
 G = Mean time per level.
                   A        B        C        D        E       F      G
               +--------+--------+--------+--------+--------+-----+--------+
         Total |    498 |    493 |      5 |    188 |    220 |   2 |  249.0 |
       Dungeon |    498 |    493 |      5 |    188 |    220 |   2 |  249.0 |
               +--------+--------+--------+--------+--------+-----+--------+

Top non-repeatable levels by time:
     D:1: 491 daAuts
     D:2: 6 daAuts
